AoeStats
← coolbeans

Arabia

509652902Analyzed
2v2 RM · 5d ago on Sep 27, 2026· 34m 45s· 4 players
Game mode
Random Map
Map size
Medium (4 player)
Population
200
Speed
Normal
Resources
Standard
Victory
Conquest
Starting age
Dark Age
Ending age
Imperial Age
RankedLock teamsTeams togetherTeam positionsShared explorationLock speedFull tech treeHidden civsTurbo modeCheats
Victory
Defeat
🇦🇷 Burgundians · Argentina
1207
+17
🇦🇷 Armenians · Argentina
1206
+17
🇩🇪 Franks · Germany
1236
-17
1236
-17
Alonso Quesada de la Mancha
7:58 Loom
10:11 Feudal Age
12:46 Double-Bit Axe
16:47 Castle Age
16:58 Crossbowman
18:29 Fletching
20:58 Horse Collar
22:08 Bow Saw
22:23 Bodkin Arrow
22:57 Scale Mail Armor
23:14 Squires
24:41 Heavy Plow
25:45 Padded Archer Armor
28:09 Leather Archer Armor
30:22 Wheelbarrow
30:05 Chain Mail Armor
33:21 Thumb Ring
coolbeans
7:45 Loom
10:21 Feudal Age
11:49 Double-Bit Axe
30:02 Castle Age
30:13 Gold Mining
sbbta
7:21 Loom
9:58 Feudal Age
12:08 Double-Bit Axe
20:48 Castle Age
19:46 Gold Mining
19:38 Horse Collar
20:34 Heavy Plow
25:07 Scale Barding Armor
25:20 Cavalier
31:01 Forging
30:49 Elite Skirmisher
35:04 Wheelbarrow
34:47 Padded Archer Armor
joseleandro2389
6:52 Loom
9:16 Feudal Age
9:43 Double-Bit Axe
9:28 Man-at-Arms
10:36 Double-Bit Axe
14:00 Long Swordsman
15:58 Arson
20:19 Fletching
24:49 Castle Age
22:56 Horse Collar
25:23 Scale Mail Armor
25:31 Gold Mining
25:51 Gambesons
27:09 Bodkin Arrow
27:49 Squires
29:14 Forging
30:46 Two-Handed Swordsman
34:10 Chain Mail Armor
35:01 Sanctity
Connection lost

Rejoining the realm…

Still unreachable

The connection could not be restored.

Session expired

The server has moved on; the page needs a fresh start.